 Dungeon Crawl Stone Soup version 0.21-a0-264-g3e31e41 (webtiles) character file.

1569 Gagarin the Spear-Bearer (level 8, 0/62 HPs)
             Began as a Merfolk Skald on Sept 8, 2017.
             Slain by an ogre
             ... wielding a +0 giant spiked club
              (26 damage)
             ... on level 6 of the Dungeon.
             The game lasted 00:33:51 (6285 turns).

Gagarin the Spear-Bearer (Merfolk Skald)            Turns: 6285, Time: 00:33:52

Health: 0/62       AC:  4    Str: 13    XL:     8   Next: 90%
Magic:  8/14       EV: 16    Int: 12    God:
Gold:   334        SH:  0    Dex: 14    Spells: 7/15 levels left

rFire    . . .     SeeInvis .   v - +0 trident (curse)
rCold    . . .     Gourm    .   (no shield)
rNeg     . . .     Faith    .   n - +0 robe (curse)
rPois    .         Spirit   .   (no helmet)
rElec    .         Reflect  .   (no cloak)
rCorr    .         Harm     .   l - +0 pair of gloves
MR       .....                  z - +0 pair of boots
Stlth    +.........             (no amulet)
HPRegen  0.20/turn              (no ring)
MPRegen  0.14/turn              (no ring)

@: lethally poisoned (0 -> -1), shrouded, very slightly contaminated
A: change form in water, swift swim, stealthy swim
a: no special abilities


You were on level 6 of the Dungeon.
You were not hungry.

You visited 1 branch of the dungeon, and saw 6 of its levels.

You collected 334 gold pieces.

Inventory:

Hand Weapons
 a - a +1 spear of freezing
 q - a +0 blowgun
 t - a +0 halberd
 v - a cursed +0 trident (weapon)
 B - a +3 shortbow
Missiles
 h - 5 needles of confusion
 r - 32 poisoned needles
 C - 54 arrows
Armour
 b - a +0 leather armour
 l - a +0 pair of gloves (worn)
 n - a cursed +0 robe (worn)
 w - a +2 robe of fire resistance
 x - a +0 leather armour of fire resistance
 z - a +0 pair of boots (worn)
Jewellery
 e - an uncursed ring of resist corrosion {unknown}
 m - an uncursed ring of protection from cold {unknown}
Scrolls
 f - 6 scrolls of teleportation
 i - a scroll of identify
 u - a scroll of enchant weapon
 y - a scroll of blinking
Potions
 g - a potion of magic
Books
 c - a book of Battle

   Spells                             Type                      Level
   a - Infusion                       Charms                       1
   b - Shroud of Golubria             Charms/Translocation         2
   c - Song of Slaying                Charms                       2
   d - Spectral Weapon                Hexes/Charms                 3
   e - Regeneration                   Charms/Necromancy            3
 o - a book of Frost

   Spells                             Type                      Level
   a - Freeze                         Ice                          1
   b - Throw Frost                    Conjuration/Ice              2
   c - Ozocubu's Armour               Charms/Ice                   3
   d - Throw Icicle                   Conjuration/Ice              4
   e - Summon Ice Beast               Ice/Summoning                4
Comestibles
 d - 4 bread rations
 j - 7 fruits
 k - 3 royal jellies
 p - 2 chunks of flesh
 s - a meat ration


   Skills:
 + Level 5.2 Fighting
 + Level 9.6 Polearms
 - Level 0.6 Armour
 + Level 6.5 Dodging
 * Level 4.3 Spellcasting
 + Level 0.2 Hexes
 + Level 5.3 Charms
 + Level 0.1 Translocations
 + Level 1.0 Ice Magic


You had 7 spell levels left.
You knew the following spells:

 Your Spells              Type           Power        Failure   Level  Hunger
a - Ozocubu's Armour      Chrm/Ice       ##......     17%         3    ###....
b - Shroud of Golubria    Chrm/Tloc      #.........   11%         2    ##.....
c - Spectral Weapon       Hex/Chrm       #.......     21%         3    ###....


Dungeon Overview and Level Annotations

Branches:
Dungeon (6/15)
 Temple: D:4-7

Altars:
Elyvilon
Fedhas
Yredelemnul

Annotations:
D:5 1 runed door, Pikel


Message History

The ogre shouts!
You are too injured to fight recklessly!
You barely miss the ogre.
The ogre is heavily wounded.
The ogre misses you.
You completely miss the ogre.
The ogre is moderately wounded.
You feel sick.
You hit the ogre.
The ogre is heavily wounded.
The ogre closely misses you.
You hit the ogre.
The ogre is severely wounded.
You hit the ogre but do no damage.
The ogre is severely wounded.
You feel sick. The ogre misses you.
You hit the ogre but do no damage.
The ogre is severely wounded.
The ogre hits you with a giant spiked club!!
You die...

.#.#.#......#
...#.#...).#### ###
..#.###.#..... ...
.............# ##
#.######.#.###.#.....
...#......#.#.# #.#.###.
#.........#.#.###.#.....
.......O.(..............
.......@....#.###.......
...##)#######.# #######.
.. #.# #. ... #.# #. ...
### #.. .? .. .


You could see an ogre.

Vanquished Creatures
  Duvessa (D:4)
  2 ogres
  2 centaurs
  Blork the orc (D:5)
  Dowan (D:4)
  2 howler monkeys
  A crimson imp (D:6)
  A bullfrog skeleton (D:4)
  3 hounds
  An orc priest (D:4)
  3 gnoll shamans (D:3)
  3 worker ants
  Robin (D:4)
  44 gnolls
  2 adders (D:4)
  A howler monkey skeleton (D:6)
  An ooze (D:3)
  2 adder skeletons
  A worm (D:2)
  4 dart slugs
  3 leopard geckos
  7 orcs
  5 bats
  3 giant cockroaches
  12 goblins
  8 hobgoblins
  22 jackals
  A quokka (D:3)
  3 frilled lizards
  4 kobolds
  10 rats (D:2)
155 creatures vanquished.

Vanquished Creatures (others)
  5 spectral weapons
5 creatures vanquished.

Grand Total: 160 creatures vanquished

Notes
Turn   | Place    | Note
-------+----------+-------------------------------------------
     0 | D:1      | Gagarin the Merfolk Skald began the quest for the Orb.
     0 | D:1      | Reached XP level 1. HP: 16/16 MP: 3/3
   231 | D:1      | Reached XP level 2. HP: 22/22 MP: 5/5
  1071 | D:2      | Reached XP level 3. HP: 24/28 MP: 6/6
  1075 | D:2      | Learned a level 2 spell: Shroud of Golubria
  1748 | D:3      | Reached XP level 4. HP: 28/35 MP: 7/7
  2020 | D:3      | Reached skill level 4 in Polearms
  2173 | D:3      | Found a basalt altar of Yredelemnul.
  2857 | D:3      | Reached XP level 5. HP: 41/41 MP: 7/9
  3107 | D:3      | Reached skill level 5 in Polearms
  3244 | D:3      | Reached XP level 6. HP: 27/47 MP: 8/10
  3455 | D:3      | Reached skill level 6 in Polearms
  3591 | D:3      | Reached XP level 7. HP: 23/54 MP: 11/11
  4012 | D:3      | Reached skill level 7 in Polearms
  4148 | D:3      | Reached skill level 5 in Dodging
  4237 | D:4      | Noticed Duvessa
  4237 | D:4      | Noticed Dowan
  4296 | D:3      | Learned a level 3 spell: Spectral Weapon
  4461 | D:4      | Reached skill level 8 in Polearms
  4511 | D:4      | Reached XP level 8. HP: 56/61 MP: 10/13
  4540 | D:4      | Killed Duvessa
  4549 | D:4      | Killed Dowan
  4858 | D:4      | Noticed Robin
  4890 | D:4      | Killed Robin
  4953 | D:5      | Entered Level 5 of the Dungeon
  5035 | D:5      | Reached skill level 5 in Charms
  5040 | D:5      | Noticed Blork the orc
  5054 | D:5      | Killed Blork the orc
  5054 | D:5      | Reached skill level 5 in Fighting
  5054 | D:5      | Reached skill level 9 in Polearms
  5369 | D:5      | Found a white marble altar of Elyvilon.
  5741 | D:5      | Found a runed door.
  5894 | D:5      | Noticed Pikel
  6082 | D:6      | Learned a level 3 spell: Ozocubu's Armour
  6150 | D:6      | Found a blossoming altar of Fedhas.
  6274 | D:6      | Reached skill level 1 in Ice Magic
  6285 | D:6      | Slain by an ogre

Vault maps used:
D:1:      saegor_arrival_miasma
D:2:      first_bread, minmay_rat_gold_closets
D:3:      lemuel_castle_with_subvaults, lemuel_doored_altar, st_stairs_14
D:4:      uniq_duvessa, uniq_robin
D:5:      old_standard_altar, basic_altar, serial_shops, shop_scrolls,
          uniq_pikel, uniq_blork_the_orc, uniq_crazy_yiuf_cottage
D:6:      grunt_gozag_breadcrumbs, kennysheep_mini_moat, fedhas_altar_2,
          minmay_temple_entry_grid, enter_ossuary_2

Skill      XL: |  1  2  3  4  5  6  7  8 |
---------------+-------------------------+-----
Dodging        | 3 4 5 6 |  6.5
Fighting       | 3 4 5 |  5.2
Polearms       | 4 5 6 8 9 |  9.6
Charms         | 4 5 |  5.3
Spellcasting   | 3 4 |  4.3
Ice Magic      | 1 |  1.0
Armour         | |  0.6
Hexes          | |  0.2
Translocations | |  0.1

Action                   |  1- 3 |  4- 6 |  7- 9 || total
-------------------------+-------+-------+-------++-------
Melee: Spear             |   173 |   243 |    90 ||   506
       Tailslap          |       |     5 |       ||     5
       Halberd           |       |    72 |     4 ||    76
       Trident           |       |       |   222 ||   222
 Fire: Blowgun           |       |       |     2 ||     2
Throw: Throwing net      |       |       |     2 ||     2
 Cast: Shroud of Golubri |     2 |     8 |    15 ||    25
       Infusion          |     1 |       |       ||     1
       Spectral Weapon   |       |       |    12 ||    12
       Ozocubu's Armour  |       |       |     1 ||     1
  Use: Potion            |     5 |       |     2 ||     7
       Scroll            |       |       |     5 ||     5
 Stab: Sleeping          |     1 |       |       ||     1
       Distracted        |       |     1 |     1 ||     2
       Held in net/web   |       |       |     1 ||     1
  Eat: Chunk             |     3 |     7 |    11 ||    21
       Meat ration       |       |       |     1 ||     1
Armor: Leather armour    |    33 |    22 |       ||    55
       Robe              |       |    12 |    34 ||    46
Dodge: Dodged            |   130 |   128 |   159 ||   417

Table legend:
 A = Spawn XP
 B = Non-spawn XP
 C = Spawn XP percentage of total XP
 D = Spawn monster count
 E = Non-spawn monster count
 F = Spawn count percentage of total count
 G = Total turns spent on level
                    A         B        C        D         E        F      G
               +---------+---------+-------+---------+---------+-------+---------
         Total |       0 |    2242 |   0.0 |       0 |     155 |   0.0 |  6285
               +---------+---------+-------+---------+---------+-------+---------
           D:1 |       0 |      29 |   0.0 |       0 |      12 |   0.0 |   818
           D:2 |       0 |      20 |   0.0 |       0 |      13 |   0.0 |   625
           D:3 |       0 |     844 |   0.0 |       0 |      77 |   0.0 |  2892
           D:4 |       0 |     663 |   0.0 |       0 |      30 |   0.0 |   891
           D:5 |       0 |     388 |   0.0 |       0 |      15 |   0.0 |   693
           D:6 |       0 |     298 |   0.0 |       0 |       8 |   0.0 |   366
               +---------+---------+-------+---------+---------+-------+---------
